AoeStats
← Lord_Wilfredo

Arabian Desert

508748355Analyzed
1v1 RM · 8d ago on Sep 23, 2026· 40m 44s· 2 players
Game mode
Random Map
Map size
Tiny (2 player)
Population
200
Speed
Normal
Resources
Standard
Victory
Conquest
Starting age
Dark Age
Ending age
Imperial Age
RankedLock teamsTeams togetherTeam positionsShared explorationLock speedFull tech treeHidden civsTurbo modeCheats
Victory
Defeat
🇦🇷 Spanish · Argentina
1313
+16
🇦🇷 Vietnamese · Argentina
1314
-16
Lord_Wilfredo
7:39 Loom
10:14 Feudal Age
10:59 Double-Bit Axe
17:24 Fletching
18:49 Wheelbarrow
18:30 Town Watch
24:07 Castle Age
22:10 Horse Collar
23:47 Bloodlines
26:16 Scale Barding Armor
26:22 Forging
26:38 Bodkin Arrow
28:21 Bow Saw
31:09 Chain Barding Armor
35:57 Iron Casting
40:36 Imperial Age
38:43 Heavy Plow
39:11 Padded Archer Armor
40:27 Husbandry
40:22 Gold Mining
40:22 Stone Mining
40:39 Cavalier
41:59 Plate Barding Armor
elkikodesonasur
6:33 Loom
9:28 Feudal Age
9:58 Double-Bit Axe
9:53 Horse Collar
14:17 Fletching
20:21 Town Watch
23:59 Castle Age
23:12 Wheelbarrow
23:23 Stone Mining
24:46 Bodkin Arrow
26:07 Hand Cart
26:05 Bow Saw
25:56 Heavy Plow
28:03 Gold Mining
31:32 Ballistics
34:08 Padded Archer Armor
Connection lost

Rejoining the realm…

Still unreachable

The connection could not be restored.

Session expired

The server has moved on; the page needs a fresh start.